 Dungeon Crawl Stone Soup version 0.27.1-35-g4d5d836560 (console) character file.

Game seed: 11384255761275549076

101 grimtooth the Chopper (level 4, -3/41 HPs)
             Began as a Hill Orc Gladiator on Apr 6, 2022.
             Killed from afar by Natasha (9 damage)
             ... with a magic dart
             ... on level 3 of the Dungeon.
             The game lasted 00:08:41 (2287 turns).

grimtooth the Chopper (Hill Orc Gladiator)          Turns: 2287, Time: 00:08:42

Health: -3/41      AC:  4    Str: 16    XL:     4   Next: 75%
Magic:  4/4        EV: 12    Int:  9    God:
Gold:   46         SH:  0    Dex: 12    Spells: 3/3 levels left

rFire    . . .     SeeInvis .   a - +1 war axe
rCold    . . .     Faith    .   (no shield)
rNeg     . . .     Spirit   .   b - +0 leather armour
rPois    .         Reflect  .   c - +0 helmet
rElec    .         Harm     .   (no cloak)
rCorr    .         Rampage  .   (no gloves)
Will     .....                  (no boots)
Stlth    +.........             (no amulet)
HPRegen  0.13/turn              (no ring)
MPRegen  0.09/turn              (no ring)

@: about to teleport
A: no striking features
a: no special abilities


You were on level 3 of the Dungeon.
You visited 1 branch of the dungeon, and saw 3 of its levels.

You collected 46 gold pieces.

Inventory:

Hand Weapons
 a - a +1 war axe (weapon)
Missiles
 d - 3 throwing nets {=f}
 e - 79 stones (quivered)
 f - 41 bolts
Armour
 b - a +0 leather armour (worn)
 c - a +0 helmet (worn)
Scrolls
 g - a scroll of teleportation
 h - 3 scrolls of enchant weapon
 i - 2 scrolls of identify {unknown}


   Skills:
 + Level 4.4 Fighting
 + Level 5.7 Axes
 - Level 1.7 Throwing
 - Level 2.4 Dodging


You had 3 spell levels left.
You didn't know any spells.
Your spell library contained the following spells:

 Spells                   Type           Power      Damage    Failure   Level
 Ozocubu's Armour         Ice            0%         N/A       83%         3
 Ozocubu's Refrigeration  Ice            0%         4d5       100%        7


Dungeon Overview and Level Annotations

Branches:
Dungeon (3/15)

Altars:

Annotations:
D:3 Natasha


Message History

You kill the endoplasm!
e - 75 stones (gained 2)
Found 12 gold pieces.
e - 77 stones (gained 2)
Found a stone staircase leading down.
i - 2 scrolls labelled ISCHEXI XUONU (gained 1)
e - 79 stones (gained 2) Natasha, Servant of Life and Death comes into view.
She is carrying a wand of flame (26).
Natasha hisses angrily.
You see here 2 stones.
Natasha zaps a wand.
The puff of flame hits you.
Natasha howls an incantation.
Natasha shimmers violently.
Natasha zaps a wand.
The puff of flame hits you!
Natasha casts a spell.
The white imp shouts, "Slither home, thou fobbing rude-growing death-token!"
Natasha claws you. The white imp barely misses you.
You barely miss Natasha. You barely miss the white imp.
Natasha zaps a wand.
The puff of flame hits you! The white imp hits you. The white imp freezes you.
* * * LOW HITPOINT WARNING * * *
You aren't carrying any potions.
You closely miss Natasha. You slash the white imp! Natasha closely misses you.
The white imp closely misses you.
As you read the scroll of teleportation, it crumbles to dust.
You feel strangely unstable.
Natasha stares at you and mumbles some strange words.
The magic dart hits you.
* * * LOW HITPOINT WARNING * * *
The white imp hits you but does no damage.
Press: ? - help, v - describe, . - travel
Here: Natasha, carrying a wand of flame (23)
The floor.
Natasha howls an incantation.
Natasha shimmers violently.
Natasha claws you.
* * * LOW HITPOINT WARNING * * *
You barely miss Natasha. Natasha casts a spell at you. The magic dart hits you!
You die...

#.## #<.## .
##..# .. #..###
###..#
##...##..$...
#.#....#...#
#..(..((..#
######.(..##.#
#............#
#..####.h..#...#
##.@#.......
#..#####..#.
#.## ..>. ...
... ...## ..
#.### .


You could see Natasha.

Vanquished Creatures
  5 adders (D:2)
  A worm (D:2)
  5 dart slugs
  6 ball pythons
  A bat (D:1)
  5 endoplasms
  3 goblins
  3 hobgoblins
  4 jackals (D:2)
  2 quokkas (D:1)
  3 frilled lizards (D:1)
  4 kobolds
  2 rats (D:2)
44 creatures vanquished.

Notes
Turn   | Place    | Note
-------+----------+-------------------------------------------
     0 | D:1      | grimtooth the Hill Orc Gladiator began the quest for the
                  | Orb.
     0 | D:1      | Reached XP level 1. HP: 18/18 MP: 1/1
    73 | D:1      | Found a faded altar of an unknown god.
   309 | D:1      | Reached XP level 2. HP: 19/25 MP: 2/2
  1109 | D:2      | Reached XP level 3. HP: 21/31 MP: 3/3
  1217 | D:2      | Reached skill level 5 in Axes
  1500 | D:2      | - here we go again
  1506 | D:2      | Reached XP level 4. HP: 4/40 MP: 4/4
  2274 | D:3      | Noticed Natasha
  2287 | D:3      | Killed from afar by Natasha

Illustrated notes

####.#.# #...######
#.#......# .........###†#
..# .....#.#.###.#
######..# ###..#.#...#.#
##.......##
#.........†#####..........
#####......†............##
#######.).............
###)..........#
#####@S(.((....##
.......#..........#
...................
.......#...........
.......#.........##
########.......:.#
#.........# ##.......##
##.....## #######


Turn 1500 on D:2: - here we go again

Levels and vault maps discovered:
D:1:      psy_arrival_basics, layout_loops_ring,
          shapermc_ecumenical_altar_pompeii, dk_noncrumbling_3
D:2:      layout_rooms
D:3:      minmay_angry_zag, layout_rooms, lemuel_doored_altar,
          minmay_lizard_king, uniq_natasha, uniq_ijyb

Skill      XL: |  1  2  3 |
---------------+----------+-----
Fighting       | 3 4 |  4.4
Axes           | 5 |  5.7
Throwing       | |  1.7
Dodging        | |  2.4

Action                   |  1- 3 |  4- 6 || total
-------------------------+-------+-------++-------
Melee: War axe           |    76 |    20 ||    96
Throw: Stone             |    92 |    66 ||   158
  Use: Scroll            |     2 |     1 ||     3
       Potion            |     1 |       ||     1
Armor: Leather armour    |    24 |     9 ||    33
       Skin              |     5 |       ||     5
Dodge: Dodged            |    52 |    17 ||    69
